 Dungeon Crawl Stone Soup version 0.31-a0-193-gdfe2569204 (webtiles) character file.

Game seed: 4183892283558983068

51 qw the Shooter (level 3, -1/20 HPs)
             Began as a Deep Elf Hunter on June 24, 2023.
             Slain by a goblin
             ... wielding a +2 dagger of flaming
             ... led by Robin
              (3 damage)
             ... on level 2 of the Dungeon.
             The game lasted 00:00:25 (1040 turns).

qw the Shooter (Deep Elf Hunter)                    Turns: 1040, Time: 00:00:26

Health: -1/20      AC:  5    Str: 10    XL:     3   Next: 58%
Magic:  5/5        EV: 11    Int: 13    God:
Gold:   128        SH:  0    Dex: 18    Spells: 2/2 levels left

rFire   . . .        Y - +0 shortbow
rCold   . . .        (shield currently unavailable)
rNeg    . . .        d - +0 ring mail
rPois   .            (no helmet)
rElec   .            (no cloak)
rCorr   .            (no gloves)
SInv    .            (no boots)
Will    .....        (no amulet)
Stlth   +            (no ring)
HPRegen 0.23/turn    (no ring)
MPRegen 0.09/turn

%: no passive effects
@: no status effects
A: no striking features
a: no special abilities


You were on level 2 of the Dungeon.
You visited 1 branch of the dungeon, and saw 2 of its levels.

You collected 128 gold pieces.


   Skills:
 - Level 1.5 Fighting
 + Level 7.1 Ranged Weapons
 - Level 2.4 Dodging
 - Level 1.2 Stealth


You had 2 spell levels left.
You didn't know any spells.
Your spell library was empty.

Inventory:

Hand Weapons
 Y - a +0 shortbow (weapon)
Armour
 d - a +0 ring mail (worn)

Dungeon Overview and Level Annotations

Branches:
Dungeon (2/15)

Altars:

Annotations:
D:2 Robin


Message History

Enter note:
Enter note:
Enter note: You shoot an arrow.
The arrow hits the worm!
The worm is severely wounded.
You shoot an arrow. The arrow hits the worm.
The worm is almost dead.
The worm bites you!
You shoot an arrow. The arrow hits the worm.
The worm is almost dead.
The worm bites you but does no damage.
You shoot an arrow. The arrow hits the worm.
You kill the worm!
You start resting.
HP restored.
Done exploring.
(D) Dungeon
Where to? (* - list waypoints, Enter - D:2, ? - help)
What level of the Dungeon? (default 1, ? - help)
You climb downwards.
Level annotation: Robin The hobgoblin shouts!
You hear a shout!
The bat barely misses you. The kobold hits you with a +0 whip.
The goblin hits you but does no damage.
A goblin comes into view. It is wielding a +0 club.
Robin throws the goblin at you! The goblin hits you but does no damage.
The goblin hits you with a +2 dagger of flaming.
The goblin burns you.
The goblin shoots a sling bullet.
The sling bullet hits you. The kobold hits you with a +0 whip.
The hobgoblin hits you but does no damage.
A goblin comes into view. It is wielding a +0 dagger.
The goblin hits you with a +0 club. The goblin barely misses you.
Robin throws the goblin at you!
The goblin hits you but does no damage. x2
There is a stone staircase leading up, spattered with blood here.
1040 ||| STAIRDANCE The kobold hits you but does no damage.
The goblin closely misses you. The goblin hits you with a +0 club.
The hobgoblin hits you. The goblin misses you.
The goblin hits you but does no damage.
The goblin hits you with a +2 dagger of flaming.
You die...

..........
. ..g.....
.. .......
... ..g..#
.... #b.g.#
....g#.gS.#
.....ggKgg#
......g@gg#
......ggg.#
..........#
....##....#
... #....#
.# ######


You could see Robin, 4 hobgoblins, 10 goblins, a bat, a ball python and a
kobold.

Vanquished Creatures
  A worm (D:1)
  2 ball pythons (D:1)
  5 endoplasms (D:1)
  2 giant cockroaches (D:1)
  4 goblins (D:1)
  5 hobgoblins
  7 jackals (D:1)
  2 kobolds (D:1)
  A quokka (D:1)
  5 bats (D:1)
  6 rats (D:1)
40 creatures vanquished.

Notes
Turn   | Place    | Note
-------+----------+-------------------------------------------
     0 | D:1      | qw the Deep Elf Hunter began the quest for the Orb.
     0 | D:1      | Reached XP level 1. HP: 12/12 MP: 3/3
     0 | D:1      | 0 ||| qw: Version: 0.3-a-9-g12657ce
     0 | D:1      | 0 ||| qw: Game counter: 4657
     0 | D:1      | 0 ||| qw: Always use a shield: true
     0 | D:1      | 0 ||| qw: God list: Okawaru
     0 | D:1      | 0 ||| qw: Allow faded altars: false
     0 | D:1      | 0 ||| qw: Do Orc after D:15 true
     0 | D:1      | 0 ||| qw: Do second Lair branch before Depths: true
     0 | D:1      | 0 ||| qw: Lair rune preference: random
     0 | D:1      | 0 ||| qw: Plans: Normal
     0 | D:1      | 0 ||| PLANNING D:1-11
   128 | D:1      | Reached XP level 2. HP: 12/16 MP: 4/4
   193 | D:1      | Reached skill level 6 in Ranged Weapons
   451 | D:1      | Reached XP level 3. HP: 20/20 MP: 5/5
   676 | D:1      | Reached skill level 7 in Ranged Weapons
   925 | D:1      | 925 ||| UPGRADING to +0 ring mail.
   935 | D:1      | 935 ||| DROPPING +0 leather armour.
   936 | D:1      | 936 ||| READING scroll labelled ZAIWOCU FYAR.
   937 | D:1      | 937 ||| READING scroll labelled JUGGEO IRPHUTE.
   938 | D:1      | 938 ||| READING scroll labelled SUNAPEGELO.
   942 | D:1      | 942 ||| DROPPING scroll of butterflies.
   969 | D:2      | Noticed Robin
   970 | D:2      | 970 ||| STAIRDANCE
   973 | D:1      | HP: 5/20 [worm (8)]
  1040 | D:2      | 1040 ||| STAIRDANCE
  1040 | D:2      | HP: 3/20 [goblin/+0 club[Robin] (3)]
  1040 | D:2      | Slain by a goblin

Levels and vault maps discovered:
D:1:      ebering_trefoil_3fold, layout_loops_corners, st_stairs_2
D:2:      layout_rooms, serial_shops, shop_fountains, basic_altar, uniq_sigmund,
          uniq_robin

Skill      XL: |  1  2  3 |
---------------+----------+-----
Ranged Weapons | 6 7 |  7.1
Fighting       | |  1.5
Dodging        | |  2.4
Stealth        | |  1.2

Action                     || total
---------------------------++-------
   Fire: Shortbow          ||   114
    Use: Scroll            ||     3
 Armour: Leather armour    ||     6
         Ring mail         ||    11
  Dodge: Dodged            ||    40

Table legend:
 A = Non-vault XP
 B = Vault XP
 C = Vault XP percentage of total XP
 D = Non-vault monster count
 E = Vault monster count
 F = Vault count percentage of total count
                 A         B        C        D         E       F
            +---------+---------+-------+---------+---------+-------
      Total |      70 |       4 |   5.4 |      38 |       2 |   5.0
            +---------+---------+-------+---------+---------+-------
        D:1 |      68 |       4 |   5.6 |      37 |       2 |   5.1
        D:2 |       2 |       0 |   0.0 |       1 |       0 |   0.0
            +---------+---------+-------+---------+---------+-------
